RES
LIDCOMBE SWANS @ CARINGBAH ACES
06/25/2022
 
TOP OF THE 1ST
Lidcombe Swans batting - Pitching for Caringbah Aces : RHP Barney Porrett
Pitching: RHP Barney Porrett
Batting: LHB Denis Wych 0-0: Called Strike
0-1: Swinging Strike
0-2: Ball
1-2: Ball
2-2: DOUBLE (Flyball, 8RXD, EV 105.0 MPH)
Batting: RHB Linc Ellis 0-0: Swinging Strike
0-1: Foul Ball, location: 9LDF
0-2: Ball
1-2: Foul Ball, location: 25FF
1-2: Hit by Pitch
Batting: LHB Tony Bellett 0-0: Foul Ball, location: 5F
0-1: Called Strike
0-2: SINGLE (Line Drive, 34, EV 98.1 MPH)
Denis Wych to third
Linc Ellis to second
Batting: LHB Reegan Meggison 0-0: Ball
1-0: Swinging Strike
1-1: Ball
2-1: Grounds into double play, 5-4-3 (Groundball, 56S, EV 91.9 MPH)
Denis Wych scores
Linc Ellis to third
Batting: SHB Chris Martyn 0-0: Ball
1-0: TRIPLE (Flyball, 89XD, EV 107.5 MPH)
Linc Ellis scores
Batting: LHB Cal Sheldrake 0-0: 2-RUN HOME RUN (Line Drive, 89XD, EV 107.5 MPH), Distance : 420 ft
Batting: RHB Steve Cookson 0-0: Ball
1-0: Fly out, F7 (Flyball, 7LM, EV 107.5 MPH)
Top of the 1st over - 4 runs, 4 hits, 0 errors, 0 left on base; Lidcombe 4 - Caringbah 0
BOTTOM OF THE 1ST
Caringbah Aces batting - Pitching for Lidcombe Swans : RHP Greg Graham
Pitching: RHP Greg Graham
Batting: SHB Jess Herbert 0-0: Ball
1-0: Ball
2-0: Foul Ball, location: 2F
2-1: Ball
3-1: Called Strike
3-2: Foul Ball, location: 7LMF
3-2: DOUBLE (Flyball, 89D, EV 98.1 MPH)
Batting: RHB Toby Bailey 0-0: Called Strike
0-1: Foul Ball, location: 5F
0-2: Fly out, F8 (Line Drive, 8LM, EV 100.0 MPH)
Batting: RHB O.P. Coggan 0-0: Called Strike
0-1: Swinging Strike
0-2: Foul Ball, location: 3FF
0-2: Ball
1-2: Ball
2-2: Strikes out looking
Batting: LHB Carmen Sims 0-0: Ball
1-0: Called Strike
1-1: Ball
2-1: Foul Ball, location: 2F
2-2: Ball
3-2: Base on Balls
Batting: LHB Michael Yaag 0-0: Ball
1-0: SINGLE (Line Drive, 8LS, EV 90.6 MPH)
Jess Herbert to third
Carmen Sims to second
Runner from 3rd tries for Home, SAFE, throw by CF to home
Batting: LHB Steve Kinghorn 0-0: Ball
1-0: Ball
2-0: Called Strike
2-1: Ball
3-1: Foul Ball, location: 7LDF
3-2: Base on Balls
Carmen Sims to third
Michael Yaag to second
Batting: RHB Chris Roarty 0-0: Called Strike
0-1: Foul Ball, location: 5DF
0-2: SINGLE (Line Drive, 6MD, EV 103.8 MPH)
Carmen Sims scores
Michael Yaag to third
Steve Kinghorn to second
Runner from 3rd tries for Home, throw by CF and OUT! 8-2
Bottom of the 1st over - 2 runs, 3 hits, 0 errors, 2 left on base; Lidcombe 4 - Caringbah 2
TOP OF THE 2ND
Lidcombe Swans batting - Pitching for Caringbah Aces : RHP Barney Porrett
Batting: LHB Frank Heggadon 0-0: Foul Ball, location: 25F
0-1: Bunt for hit to 25 - play at first, batter OUT! 5-3
Batting: RHB John Goodall 0-0: Ball
1-0: Foul Ball, location: 2F
1-1: Ball
2-1: Swinging Strike
2-2: Fly out, F2 (Popup, 13S, EV 94.4 MPH)
Batting: LHB Denis Wych 0-0: Called Strike
0-1: Foul Ball, location: 9LMF
0-2: SINGLE (Line Drive, 78M, EV 103.8 MPH)
Batting: RHB Linc Ellis 0-0: Called Strike
0-1: Ball
Denis Wych steals 2nd base
1-1: Called Strike
1-2: Fly out, F4 (Popup, 4D, EV 58.1 MPH)
Top of the 2nd over - 0 runs, 1 hit, 0 errors, 1 left on base; Lidcombe 4 - Caringbah 2
BOTTOM OF THE 2ND
Caringbah Aces batting - Pitching for Lidcombe Swans : RHP Greg Graham
Batting: RHB Farris Pluckrose 0-0: Ball
1-0: Called Strike
1-1: Foul Ball, location: 3F
1-2: Foul Ball, location: 2F
1-2: Ball
2-2: SINGLE (Line Drive, 7S, EV 96.3 MPH)
Batting: SHB Danny Sandbach 0-0: Called Strike
0-1: Ball
1-1: Foul Ball, location: 23FF
1-2: Ball
2-2: Ball
3-2: Fly out, F7 (Flyball, 7LSF, EV 89.4 MPH)
Batting: SHB Jess Herbert 0-0: Called Strike
0-1: Called Strike
0-2: Strikes out swinging
Batting: RHB Toby Bailey 0-0: Foul Ball, location: 7LMF
0-1: Called Strike
0-2: Fly out, F9 (Flyball, 89M, EV 95.0 MPH)
Bottom of the 2nd over - 0 runs, 1 hit, 0 errors, 1 left on base; Lidcombe 4 - Caringbah 2
TOP OF THE 3RD
Lidcombe Swans batting - Pitching for Caringbah Aces : RHP Barney Porrett
Batting: LHB Tony Bellett 0-0: Ball
1-0: Ground out 3-1 (Groundball, 34S, EV 87.5 MPH)
Batting: LHB Reegan Meggison 0-0: Called Strike
0-1: Ball
1-1: Ball
2-1: Swinging Strike
2-2: SINGLE (Groundball, 4MD, EV 99.4 MPH)
Batting: SHB Chris Martyn 0-0: Called Strike
0-1: Ball
1-1: Ball
2-1: Fly out, F7 (Flyball, 78M, EV 90.6 MPH)
Batting: LHB Cal Sheldrake 0-0: Ball
1-0: Ball
2-0: Fielders Choice at 2nd, 6-4 (Groundball, 56, EV 93.8 MPH)
Top of the 3rd over - 0 runs, 1 hit, 0 errors, 1 left on base; Lidcombe 4 - Caringbah 2
BOTTOM OF THE 3RD
Caringbah Aces batting - Pitching for Lidcombe Swans : RHP Greg Graham
Batting: RHB O.P. Coggan 0-0: Ball
1-0: Foul Ball, location: 9LMF
1-1: Fly out, F6 (Popup, 4M, EV 55.6 MPH)
Batting: LHB Carmen Sims 0-0: Ball
1-0: SOLO HOME RUN (Flyball, 9LD, EV 97.5 MPH), Distance : 344 ft
Batting: LHB Michael Yaag 0-0: Swinging Strike
0-1: Foul Ball, location: 5F
0-2: Ball
1-2: Ball
2-2: Fly out, F8 (Flyball, 89D, EV 98.8 MPH)
Batting: LHB Steve Kinghorn 0-0: Ball
1-0: Ball
2-0: Foul Ball, location: 2RF
2-1: Ball
3-1: Foul Ball, location: 2F
3-2: Fly out, F9 (Flyball, 89M, EV 90.6 MPH)
Bottom of the 3rd over - 1 run, 1 hit, 0 errors, 0 left on base; Lidcombe 4 - Caringbah 3
TOP OF THE 4TH
Lidcombe Swans batting - Pitching for Caringbah Aces : RHP Barney Porrett
Batting: RHB Steve Cookson 0-0: Foul Ball, location: 5F
0-1: Fly out, F3 (Popup, 23F, EV 91.9 MPH)
Batting: LHB Frank Heggadon 0-0: Foul Ball, location: 7LSF
0-1: Foul Ball, location: 23FF
0-2: Ball
1-2: Foul Ball, location: 2F
1-2: Ball
2-2: Foul Ball, location: 2F
2-2: SINGLE (Flyball, 78S, EV 94.4 MPH)
Batting: RHB John Goodall 0-0: Ball
1-0: Called Strike
Frank Heggadon steals 2nd base
1-1: Fly out, F8 (Flyball, 8LS, EV 93.8 MPH)
Batting: LHB Denis Wych 0-0: Ground out 4-3 (Groundball, 4, EV 99.4 MPH)
Top of the 4th over - 0 runs, 1 hit, 0 errors, 1 left on base; Lidcombe 4 - Caringbah 3
BOTTOM OF THE 4TH
Caringbah Aces batting - Pitching for Lidcombe Swans : RHP Greg Graham
Batting: RHB Chris Roarty 0-0: Ball
1-0: Ball
2-0: Ball
3-0: Called Strike
3-1: Called Strike
3-2: Base on Balls
Batting: RHB Farris Pluckrose 0-0: Called Strike
0-1: Foul Ball, location: 23F
0-2: Strikes out swinging
Batting: SHB Danny Sandbach 0-0: Swinging Strike
0-1: Called Strike
0-2: Strikes out looking
Batting: SHB Jess Herbert 0-0: Ball
1-0: Called Strike
1-1: Foul Ball, location: 2F
1-2: Ball
2-2: Ball
3-2: Strikes out swinging
Bottom of the 4th over - 0 runs, 0 hits, 0 errors, 1 left on base; Lidcombe 4 - Caringbah 3
TOP OF THE 5TH
Lidcombe Swans batting - Pitching for Caringbah Aces : RHP Barney Porrett
Batting: RHB Linc Ellis 0-0: Ball
1-0: Called Strike
1-1: Swinging Strike
1-2: Fly out, F7 (Flyball, 7LM, EV 95.0 MPH)
Batting: LHB Tony Bellett 0-0: Called Strike
0-1: Ball
1-1: Ball
2-1: Foul Ball, location: 7LMF
2-2: Ball
3-2: Foul Ball, location: 5FF
3-2: Fly out, F3 (Popup, 3SF, EV 79.4 MPH)
Batting: LHB Reegan Meggison 0-0: Ball
1-0: Swinging Strike
1-1: Foul Ball, location: 25F
1-2: Fly out, F7 (Flyball, 7LMF, EV 93.8 MPH)
Top of the 5th over - 0 runs, 0 hits, 0 errors, 0 left on base; Lidcombe 4 - Caringbah 3
BOTTOM OF THE 5TH
Caringbah Aces batting - Pitching for Lidcombe Swans : RHP Greg Graham
Batting: RHB Toby Bailey 0-0: Ball
1-0: Called Strike
1-1: Swinging Strike
1-2: Foul Ball, location: 5F
1-2: Strikes out swinging, 2-3 out at first.
Batting: RHB O.P. Coggan 0-0: Ball
1-0: DOUBLE (Flyball, 8RXD, EV 113.1 MPH)
Batting: LHB Carmen Sims 0-0: Foul Ball, location: 3F
0-1: Hit by Pitch
Batting: LHB Michael Yaag 0-0: Ball
1-0: Foul Ball, location: 9LMF
1-1: Fly out, F8 (Flyball, 78M, EV 87.5 MPH)
Batting: LHB Steve Kinghorn 0-0: Ball
1-0: Called Strike
1-1: Ball
2-1: Foul Ball, location: 2F
2-2: Foul Ball, location: 3FF
2-2: Strikes out swinging
Bottom of the 5th over - 0 runs, 1 hit, 0 errors, 2 left on base; Lidcombe 4 - Caringbah 3
TOP OF THE 6TH
Lidcombe Swans batting - Pitching for Caringbah Aces : RHP Barney Porrett
Batting: SHB Chris Martyn 0-0: Ball
1-0: Foul Ball, location: 5F
1-1: Foul Ball, location: 2F
1-2: Ball
2-2: Ball
3-2: Base on Balls
Batting: LHB Cal Sheldrake 0-0: Ball
1-0: Ball
2-0: Ball
3-0: Called Strike
3-1: Foul Ball, location: 2F
3-2: Foul Ball, location: 2F
3-2: SINGLE (Line Drive, 7S, EV 76.9 MPH)
Chris Martyn to second
Pitching: RHP David Dwennon
Batting: RHB Steve Cookson 0-0: Called Strike
0-1: Ball
1-1: Sac Bunt to 15 - play at first, batter OUT! 1-3
Chris Martyn to third
Cal Sheldrake to second
Batting: LHB Frank Heggadon 0-0: Called Strike
0-1: Ball
1-1: Ball
2-1: Ball
3-1: Base on Balls
Batting: RHB John Goodall 0-0: Called Strike
0-1: Called Strike
0-2: Ball
1-2: Ball
2-2: Foul Ball, location: 9LSF
2-2: Strikes out swinging
Batting: LHB Denis Wych 0-0: Ball
1-0: SINGLE (Groundball, 3S, EV 66.9 MPH) (infield hit)
Chris Martyn scores
Cal Sheldrake to third
Frank Heggadon to second
Batting: RHB Linc Ellis 0-0: Called Strike
0-1: Called Strike
0-2: Ball
1-2: Strikes out swinging
Top of the 6th over - 1 run, 2 hits, 0 errors, 3 left on base; Lidcombe 5 - Caringbah 3
BOTTOM OF THE 6TH
Caringbah Aces batting - Pitching for Lidcombe Swans : RHP Greg Graham
Pitching: LHP Jerod Brett
Batting: RHB Chris Roarty 0-0: Ball
1-0: Called Strike
1-1: Foul Ball, location: 9LDF
1-2: Ball
2-2: Strikes out looking
Batting: RHB Farris Pluckrose 0-0: Ball
1-0: Ball
2-0: Ball
3-0: Called Strike
3-1: Foul Ball, location: 9LSF
3-2: Single, Error in OF, E8, batter to second base (Groundball, 6MD, EV 95.6 MPH)
Batting: SHB Danny Sandbach 0-0: Called Strike
0-1: Ground out 6-3 (Groundball, 6, EV 86.9 MPH)
Batting: SHB Jess Herbert 0-0: Foul Ball, location: 7LDF
0-1: Called Strike
0-2: SINGLE (Groundball, 6, EV 102.5 MPH) (infield hit)
Farris Pluckrose to third
Batting: RHB Toby Bailey 0-0: Ball
1-0: Fly out, F7 (Flyball, 7LS, EV 88.1 MPH)
Bottom of the 6th over - 0 runs, 2 hits, 1 error, 2 left on base; Lidcombe 5 - Caringbah 3
TOP OF THE 7TH
Lidcombe Swans batting - Pitching for Caringbah Aces : RHP David Dwennon
Batting: LHB Tony Bellett 0-0: Ball
1-0: Ball
2-0: Called Strike
2-1: Ball
3-1: Foul Ball, location: 7LDF
3-2: Strikes out looking
Batting: LHB Reegan Meggison 0-0: Ball
1-0: Called Strike
1-1: Swinging Strike
1-2: Foul Ball, location: 25F
1-2: Foul Ball, location: 3SF
1-2: Strikes out swinging
Batting: SHB Chris Martyn 0-0: Fly out, F7 (Flyball, 7D, EV 94.4 MPH)
Top of the 7th over - 0 runs, 0 hits, 0 errors, 0 left on base; Lidcombe 5 - Caringbah 3
BOTTOM OF THE 7TH
Caringbah Aces batting - Pitching for Lidcombe Swans : LHP Jerod Brett
Batting: RHB O.P. Coggan 0-0: Called Strike
0-1: Ball
1-1: Ball
2-1: Swinging Strike
2-2: Strikes out swinging
Batting: LHB Carmen Sims 0-0: Fly out, F3 (Popup, 3SF, EV 76.9 MPH)
Batting: LHB Michael Yaag 0-0: Ball
1-0: Foul Ball, location: 2RF
1-1: Foul Ball, location: 2F
1-2: Strikes out swinging
Bottom of the 7th over - 0 runs, 0 hits, 0 errors, 0 left on base; Lidcombe 5 - Caringbah 3
TOP OF THE 8TH
Lidcombe Swans batting - Pitching for Caringbah Aces : RHP David Dwennon
Batting: LHB Cal Sheldrake 0-0: Called Strike
0-1: Ball
1-1: Foul Ball, location: 23FF
1-2: Foul Ball, location: 9LDF
1-2: Strikes out swinging, 2-3 out at first.
Batting: RHB Steve Cookson 0-0: Ball
1-0: SINGLE (Line Drive, 6M, EV 96.9 MPH)
Batting: LHB Frank Heggadon 0-0: Fielders Choice at 2nd, 2-6 (Groundball, 2R, EV 67.5 MPH)
Batting: RHB John Goodall 0-0: Ball
1-0: Swinging Strike
1-1: Ball
2-1: Fielders Choice at 2nd, 6-4 (Groundball, 56, EV 87.5 MPH)
Top of the 8th over - 0 runs, 1 hit, 0 errors, 1 left on base; Lidcombe 5 - Caringbah 3
BOTTOM OF THE 8TH
Caringbah Aces batting - Pitching for Lidcombe Swans : LHP Jerod Brett
Batting: LHB Steve Kinghorn 0-0: Ball
1-0: Ball
2-0: Foul Ball, location: 7LSF
2-1: DOUBLE (Line Drive, 7LS, EV 99.4 MPH)
Pinch Runner at 2nd Michael Draycott:
Batting: RHB Chris Roarty 0-0: Ball
1-0: Foul Ball, location: 2F
1-1: Fly out, F9 (Flyball, 9LM, EV 93.8 MPH)
Runner from 2nd tags up, OUT at 3rd! 9-5
Batting: RHB Farris Pluckrose 0-0: Fly out, F8 (Flyball, 8RXD, EV 90.6 MPH)
Bottom of the 8th over - 0 runs, 1 hit, 0 errors, 0 left on base; Lidcombe 5 - Caringbah 3
TOP OF THE 9TH
Lidcombe Swans batting - Pitching for Caringbah Aces : RHP David Dwennon
Now at 2B: Jersey Rosbottom
Now at 3B: Danny Sandbach
Batting: LHB Denis Wych 0-0: Called Strike
0-1: Swinging Strike
0-2: Strikes out swinging
Batting: RHB Linc Ellis 0-0: Swinging Strike
0-1: Ball
1-1: Foul Ball, location: 3SF
1-2: Foul Ball, location: 2F
1-2: Fly out, F9 (Flyball, 9D, EV 106.9 MPH)
Batting: LHB Tony Bellett 0-0: Ball
1-0: Foul Ball, location: 2F
1-1: Ball
2-1: Called Strike
2-2: Foul Ball, location: 2F
2-2: Ball
3-2: Foul Ball, location: 3FF
3-2: SINGLE (Line Drive, 9LS, EV 96.9 MPH)
Pitching: LHP J.J. Stewart
Batting: LHB Reegan Meggison 0-0: Ball
1-0: Ball
2-0: Ball
3-0: Called Strike
3-1: Called Strike
3-2: Ground out 4-3 (Groundball, 4, EV 86.3 MPH)
Top of the 9th over - 0 runs, 1 hit, 0 errors, 1 left on base; Lidcombe 5 - Caringbah 3
BOTTOM OF THE 9TH
Caringbah Aces batting - Pitching for Lidcombe Swans : LHP Jerod Brett
Pitching: RHP Greg Thomas
Pinch Hitting: RHB Mo Cockerill 0-0: Ball
1-0: Ball
2-0: Called Strike
2-1: Swinging Strike
2-2: Strikes out swinging
Batting: SHB Jess Herbert 0-0: Swinging Strike
0-1: Foul Ball, location: 2F
0-2: Ball
1-2: Ball
2-2: Strikes out swinging
Batting: RHB Toby Bailey 0-0: Called Strike
0-1: SINGLE (Line Drive, 9LS, EV 92.5 MPH)
Batting: RHB O.P. Coggan 0-0: Ball
1-0: Ball
2-0: Called Strike
2-1: Ball
3-1: Foul Ball, location: 9LSF
3-2: Strikes out looking
Bottom of the 9th over - 0 runs, 1 hit, 0 errors, 1 left on base; Lidcombe 5 - Caringbah 3
Monday, May 6th , 2024 - OOTP Baseball 24.9 Build 80